 Dungeon Crawl Stone Soup version 0.21.1-1-g345015f (webtiles) character file.

17 Lapis the Digger (level 2, 0/22 HPs)
             Began as a Naga Earth Elementalist on Feb 12, 2018.
             Slain by a bat (1 damage)
             ... on level 1 of the Dungeon.
             The game lasted 00:01:14 (549 turns).

Lapis the Digger (Naga Earth Elementalist)           Turns: 549, Time: 00:01:15

Health: 0/22       AC:  1    Str: 10    XL:     2   Next: 62%
Magic:  3/5        EV: 10    Int: 15    God:
Gold:   52         SH:  0    Dex: 11    Spells: 2/5 levels left

rFire    . . .     SeeInvis +   g - +0 spear
rCold    . . .     Gourm    .   (no shield)
rNeg     . . .     Faith    .   c - +0 robe
rPois    +         Spirit   .   (no helmet)
rElec    .         Reflect  .   (no cloak)
rCorr    .         Harm     .   (no gloves)
MR       .....                  (no barding)
Stlth    ++........             (no amulet)
HPRegen  0.07/turn              (no ring)
MPRegen  0.09/turn              (no ring)

@: very slow
A: large, see invisible, deformed body, poison resistance, slowness 2, slow
metabolism 1, spit poison 1, AC +0
a: Spit Poison


You were on level 1 of the Dungeon.
You were not hungry.

You visited 1 branch of the dungeon, and saw 1 of its levels.

You collected 52 gold pieces.

Inventory:

Hand Weapons
 g - a +0 spear (weapon)
 h - a +0 dagger
Missiles
 b - 87 stones (quivered)
Armour
 c - a +0 robe (worn)
Jewellery
 a - a +3 ring of strength {unknown}
Scrolls
 j - 2 scrolls of identify {unknown}
 k - a scroll of remove curse {unknown}
Potions
 f - a potion of berserk rage {unknown}
 i - a potion of brilliance {unknown}
 l - a potion of heal wounds {unknown}
Books
 e - a book of Geomancy

   Spells                             Type                      Level
   a - Sandblast                      Earth                        1
   b - Passwall                       Transmutation/Earth          2
   c - Stone Arrow                    Conjuration/Earth            3
   d - Petrify                        Transmutation/Earth          4
   e - Lee's Rapid Deconstruction     Earth                        5
Comestibles
 d - 2 rations
 m - 2 chunks of flesh


   Skills:
 - Level 1.5 Dodging
 - Level 3.0 Stealth
 + Level 2.1 Spellcasting
 + Level 1.0 Transmutations
 + Level 3.7 Earth Magic


You had 2 spell levels left.
You knew the following spells:

 Your Spells              Type           Power        Failure   Level  Hunger
a - Sandblast             Erth           ##....       4%          1    #......
b - Passwall              Tmut/Erth      #.........   12%         2    ###....


Dungeon Overview and Level Annotations

Branches:
Dungeon (1/15)

Altars:


Innate Abilities, Weirdness & Mutations

You cannot wear boots.
Your serpentine skin is tough. (AC +0)
You have supernaturally acute eyesight. (SInv)
Armour fits poorly on your strangely shaped body.
Your system is resistant to poisons. (rPois)
You cover ground very slowly.
You have a slow metabolism.
You can spit poison.


Message History

Casting: Sandblast
Confirm with . or Enter, or press ? or * to list all spells.
Aiming: Sandblast
Press: ? - help, Shift-Dir - straight line, f/p - bat
Aim: a bat (severely wounded)
The blast of sand hits the kobold.
The kobold is severely wounded.
b - 88 stones The kobold hits you with a short sword.
* * * LOW HITPOINT WARNING * * *
Casting: Sandblast
Confirm with . or Enter, or press ? or * to list all spells.
Aiming: Sandblast
Press: ? - help, Shift-Dir - straight line, f/p - bat
Aim: a bat (severely wounded)
The blast of sand hits the kobold.
You kill the kobold!
b - 87 stones The bat hits you.
You die...

####### ....... ....... #
###############.......
####............@b.......
###
..)..#############.......
#.. ..########## .......
#.. #............ .......
#.. #............#..#
#...### #####..
..............#.. .###
##...#.. ................
.######.......
..............#
.....#.......#
..............# #
#...........#


You could see a bat.

Vanquished Creatures
  An ooze (D:1)
  3 goblins (D:1)
  5 hobgoblins (D:1)
  2 kobolds (D:1)
11 creatures vanquished.

Notes
Turn   | Place    | Note
-------+----------+-------------------------------------------
     0 | D:1      | Lapis the Naga Earth Elementalist began the quest for the Orb.
     0 | D:1      | Reached XP level 1. HP: 15/15 MP: 3/3
   165 | D:1      | Reached XP level 2. HP: 17/22 MP: 5/5
   172 | D:1      | Learned a level 2 spell: Passwall
   548 | D:1      | HP: 1/22 [kobold/short sword (6)]
   549 | D:1      | Slain by a bat

Action                   || total
-------------------------++-------
Melee: Dagger            ||    13
       Spear             ||    26
 Cast: Sandblast         ||     4
 Abil: Spit Poison       ||     2
 Stab: Sleeping          ||     2
Armor: Robe              ||     5
Dodge: Dodged            ||    24
